 Dungeon Crawl Stone Soup version 0.24.0-1-gfbc8707 (webtiles) character file.

Game seed: 4176163283989336034, levelgen mode: deterministic

431 pkoi the Shield-Bearer (level 6, -14/51 HPs)
             Began as a Minotaur Fighter on Nov 1, 2019.
             Demolished by an ogre
             ... wielding a +0 giant spiked club
              (17 damage)
             ... on level 4 of the Dungeon.
             The game lasted 00:03:21 (3140 turns).

pkoi the Shield-Bearer (Minotaur Fighter)           Turns: 3140, Time: 00:03:22

Health: -14/51     AC: 13    Str: 22    XL:     6   Next: 67%
Magic:  5/5        EV:  4    Int:  5    God:
Gold:   133        SH: 10    Dex: 10    Spells: 5/5 levels left

rFire    . . .     SeeInvis .   a - +0 flail
rCold    . . .     Gourm    .   c - +0 shield
rNeg     . . .     Faith    .   v - +0 plate armour
rPois    .         Spirit   .   q - +2 hat
rElec    .         Reflect  .   (no cloak)
rCorr    .         Harm     .   (no gloves)
MR       .....                  (no boots)
Stlth    ..........             (no amulet)
HPRegen  0.17/turn              h - ring of wizardry
MPRegen  0.09/turn              (no ring)

@: no status effects
A: retaliatory headbutt, horns 2
a: no special abilities


You were on level 4 of the Dungeon.
You were not hungry.

You visited 1 branch of the dungeon, and saw 4 of its levels.

You collected 133 gold pieces.

Inventory:

Hand Weapons
 a - a +0 flail (weapon)
Missiles
 l - 8 boomerangs (quivered)
Armour
 b - a +0 scale mail
 c - a +0 shield (worn)
 q - a +2 hat (worn)
 s - a +0 pair of gloves
 t - a +0 pair of gloves
 v - a +0 plate armour (worn)
Jewellery
 h - a ring of wizardry (left hand)
Wands
 o - a wand of random effects (15)
Scrolls
 d - a scroll of identify {unknown}
 g - 4 scrolls of enchant armour {unknown}
 j - 4 scrolls of remove curse {unknown}
 n - a scroll of blinking {unknown}
 r - a scroll of enchant weapon {unknown}
Potions
 e - a potion of magic {unknown}
 i - a potion of lignification {unknown}
 k - 2 potions of mutation {unknown}
 m - a potion of flight {unknown}
 p - 4 potions of brilliance {unknown}
 w - a potion of berserk rage {unknown}
Comestibles
 f - 10 rations
 u - a chunk of flesh


   Skills:
 - Level 3.6 Fighting
 + Level 5.5 Maces & Flails
 + Level 3.4 Throwing
 - Level 3.6 Armour
 + Level 6.2 Shields


You had 5 spell levels left.
You didn't know any spells.
Your spell library was empty.

Dungeon Overview and Level Annotations

Branches:
Dungeon (4/15)
 Temple: D:4-7

Altars:


Innate Abilities, Weirdness & Mutations

You reflexively headbutt those who attack you in melee.
You have a pair of horns on your head.


Message History

You hit the ogre. You headbutt the ogre!
The ogre is heavily wounded.
You block the ogre's attack.
You barely miss the ogre.
The ogre is heavily wounded.
Your shield and plate armour prevent you from hitting the ogre.
The ogre is heavily wounded.
The ogre hits you with a +0 giant spiked club!!
You barely miss the ogre.
The ogre is moderately wounded.
The ogre hits you with a +0 giant spiked club!
* * * LOW HITPOINT WARNING * * *
You hit the ogre but do no damage.
The ogre is moderately wounded.
The ogre hits you with a +0 giant spiked club!
* * * LOW HITPOINT WARNING * * *
You hit the ogre.
The ogre is heavily wounded.
The ogre hits you with a +0 giant spiked club!
You die...

... ... ########## ...
.........# ## #.# # .......#.#
#.###.#.# ######.#.#
#...#.#.##### .......#.#
#..O......# #####..#.#
#..@......# ####...#.#
#.........#
.......#.#####.#.#.#####
.......................
...#...............#..
...#.....######.####.##
##.#........ ......#.#####
##.#......#####.#........######
##.#......#..............##...##


You could see an ogre.

Vanquished Creatures
  Grinder (D:3)
  Jessica (D:3)
  2 worker ants (D:4)
  Terence (D:2)
  4 adders
  5 oozes
  An adder skeleton (D:4)
  3 worms
  2 leopard geckos (D:1)
  An orc (D:3)
  3 ball pythons
  3 giant cockroaches
  10 goblins
  4 hobgoblins
  12 jackals
  A quokka (D:3)
  5 bats
  5 frilled lizards
  5 kobolds
  A leopard gecko skeleton (D:4)
  7 rats
77 creatures vanquished.

Notes
Turn   | Place    | Note
-------+----------+-------------------------------------------
     0 | D:1      | pkoi the Minotaur Fighter began the quest for the Orb.
     0 | D:1      | Reached XP level 1. HP: 19/19 MP: 0/0
   464 | D:1      | Reached skill level 4 in Shields
   464 | D:1      | Reached XP level 2. HP: 25/26 MP: 1/1
  1326 | D:2      | Reached XP level 3. HP: 31/31 MP: 2/2
  1420 | D:2      | Reached skill level 1 in Throwing
  1431 | D:2      | Noticed Terence
  1440 | D:2      | Killed Terence
  1445 | D:2      | Reached XP level 4. HP: 33/39 MP: 3/3
  1776 | D:3      | Reached skill level 5 in Shields
  1888 | D:3      | Noticed Grinder
  1911 | D:3      | Paralysed by Grinder for 2 turns
  1918 | D:3      | Killed Grinder
  1918 | D:3      | Reached skill level 5 in Maces & Flails
  1918 | D:3      | Reached XP level 5. HP: 21/45 MP: 4/4
  1918 | D:3      | Reached XP level 6. HP: 24/51 MP: 5/5
  2281 | D:3      | Noticed Jessica
  2286 | D:3      | Killed Jessica
  2770 | D:4      | Reached skill level 6 in Shields
  3140 | D:4      | Demolished by an ogre

Levels and vault maps discovered:
D:1:      onia_arrival_mini_maze_b, layout_loops_corners,
          minmay_indecisive_spiral
D:2:      layout_rooms, first_ration, uniq_terence
D:3:      layout_basic, uniq_grinder, uniq_jessica
D:4:      layout_basic, minmay_strange_pillars

Skill      XL: |  1  2  3  4  5  6 |
---------------+-------------------+-----
Shields        | 4 5 6 |  6.2
Maces & Flails | 3 5 |  5.5
Throwing       | 1 3 |  3.4
Fighting       | |  3.6
Armour         | |  3.6

Action                   |  1- 3 |  4- 6 || total
-------------------------+-------+-------++-------
Melee: Flail             |    99 |   126 ||   225
       Headbutt          |    10 |    14 ||    24
  Use: Potion            |     1 |     1 ||     2
  Eat: Chunk             |     2 |     5 ||     7
Armor: Scale mail        |    32 |    35 ||    67
       Plate armour      |       |    26 ||    26
Dodge: Dodged            |    27 |    17 ||    44
Block: Shield            |    52 |    69 ||   121
